 Dungeon Crawl Stone Soup version 0.27.0-1-g7a089689b8 (webtiles) character file.

Game seed: 17297409482412499874

63 SnakkuSnakku7 the Ruffian (level 3, -2/31 HPs)
             Began as a Troll Ice Elementalist on Aug 3, 2021.
             Slain by a black bear (4 damage)
             ... on level 2 of the Dungeon.
             The game lasted 00:01:22 (878 turns).

SnakkuSnakku7 the Ruffian (Troll Ice Elementalist)   Turns: 878, Time: 00:01:22

Health: -2/31      AC:  4    Str: 16    XL:     3   Next: 87%
Magic:  3/3        EV:  9    Int: 11    God:
Gold:   53         SH:  0    Dex: 11    Spells: 3/4 levels left

rFire    . . .     SeeInvis .     - Unarmed
rCold    . . .     Faith    .   (no shield)
rNeg     . . .     Spirit   .   a - +0 robe
rPois    .         Reflect  .   (helmet restricted)
rElec    .         Harm     .   (no cloak)
rCorr    .         Rampage  .   (gloves unavailable)
Will     .....                  (boots unavailable)
Stlth    +.........             (no amulet)
HPRegen  1.10/turn              (no ring)
MPRegen  0.08/turn              (no ring)

@: no status effects
A: large, unfitting armour, claws 3, regeneration 1, shaggy fur 1, tough skin 1
a: no special abilities


You were on level 2 of the Dungeon.
You visited 1 branch of the dungeon, and saw 2 of its levels.

You collected 53 gold pieces.

Inventory:

Missiles
 b - 3 large rocks (quivered)
Armour
 a - a +0 robe (worn)
Jewellery
 g - a ring of magical power
Wands
 n - a wand of flame (15)
Scrolls
 c - a scroll of summoning {unknown}
 d - a scroll of immolation {unknown}
 e - a scroll of noise {unknown}
 f - a scroll of holy word {unknown}
 h - a scroll of identify {unknown}
 i - a scroll of fog {unknown}
 k - a scroll of enchant weapon {unknown}
 m - a scroll of magic mapping {unknown}
Potions
 j - a potion of curing {unknown}
 l - a potion of haste


   Skills:
 - Level 1.5 Dodging
 - Level 1.0 Stealth
 + Level 3.6 Unarmed Combat
 - Level 1.2 Spellcasting
 - Level 2.9 Ice Magic


You had 3 spell levels left.
You knew the following spells:

 Your Spells              Type           Power      Damage    Failure   Level
a - Freeze                Ice            28%        1d5       10%         1

Your spell library contained the following spells:

 Spells                   Type           Power      Damage    Failure   Level
 Frozen Ramparts          Ice            14%        1d3       28%         3
 Ozocubu's Armour         Ice            7%         N/A       28%         3
 Hailstorm                Conj/Ice       3%         3d3       86%         4


Dungeon Overview and Level Annotations

Branches:
Dungeon (2/15)

Altars:


Innate Abilities, Weirdness & Mutations

You are too large for most types of armour.
You have claws for hands.
Your natural rate of healing is unusually fast.
You are covered in fur. (AC +1)
You have tough skin. (AC +1)


Message History

Aim: a black bear (77% to hit)
The puff of flame hits the black bear.
The black bear is lightly wounded.
Okay, then.
Throw: 5 large rocks
Press: ? - help, Q - select action, (/) - cycle Shift-Dir - straight line, f/p - black bear
Aim: a black bear (lightly wounded, 62% to hit)
You throw a large rock. The large rock hits the black bear!!
The black bear is severely wounded.
Unknown command.
Throw: 4 large rocks
Press: ? - help, Q - select action, (/) - cycle Shift-Dir - straight line, f/p - black bear
Aim: a black bear (severely wounded, 62% to hit)
You throw a large rock.
The large rock barely misses the black bear.
The black bear goes berserk!
You closely miss the black bear.
The black bear is severely wounded.
The black bear bites you. The black bear claws you.
The black bear barely misses you.
You barely miss the black bear.
The black bear is severely wounded.
The black bear bites you. The black bear claws you.
The black bear barely misses you.
You scratch the black bear.
The black bear is almost dead.
The black bear bites you. The black bear claws you.
* * * LOW HITPOINT WARNING * * *
The black bear claws you but does no damage.
The black bear barely misses you.
The black bear claws you but does no damage.
The black bear claws you.
* * * LOW HITPOINT WARNING * * *
You scratch the black bear.
The black bear is almost dead.
The black bear bites you.
* * * LOW HITPOINT WARNING * * *
The black bear claws you but does no damage.
The black bear claws you.
You die...

### #<#
#.##########.#
(..(..h@.....#
...###########
## ..... #.# #
#.# # #.# #
#.# # #.# # #.
##.###


You could see a black bear (berserk).

Vanquished Creatures
  Terence (D:2)
  An adder (D:2)
  2 dart slugs (D:2)
  4 ball pythons (D:1)
  4 endoplasms
  A giant cockroach (D:1)
  4 hobgoblins
  3 kobolds (D:1)
  2 frilled lizards (D:1)
  A goblin (D:1)
  2 rats (D:1)
25 creatures vanquished.

Notes
Turn   | Place    | Note
-------+----------+-------------------------------------------
     0 | D:1      | SnakkuSnakku7 the Troll Ice Elementalist began the quest
                  | for the Orb.
     0 | D:1      | Reached XP level 1. HP: 16/16 MP: 1/1
   107 | D:1      | Reached skill level 1 in Unarmed Combat
   214 | D:1      | Reached XP level 2. HP: 20/24 MP: 2/2
   283 | D:1      | Reached skill level 2 in Unarmed Combat
   600 | D:1      | You fall into a shaft and drop 1 floor!
   644 | D:2      | Noticed Terence
   648 | D:2      | Reached XP level 3. HP: 31/31 MP: 3/3
   655 | D:2      | Killed Terence
   656 | D:2      | Reached skill level 3 in Unarmed Combat
   870 | D:2      | Noticed a black bear
   878 | D:2      | Slain by a black bear

Illustrated notes

Levels and vault maps discovered:
D:1:      giann_forest_graveyard, layout_basic, minmay_crystal_room
D:2:      layout_basic, hellmonk_ecumenical_altar_heavens_door,
          hangedman_decor_clover_reticule, minmay_misc_feat_rugged,
          bh_walls_and_bars, uniq_jessica, uniq_terence

Skill      XL: |  1  2  3 |
---------------+----------+-----
Unarmed Combat | 1 2 3 |  3.6
Dodging        | |  1.5
Stealth        | |  1.0
Spellcasting   | |  1.2
Ice Magic      | |  2.9

Action                   || total
-------------------------++-------
Melee: Unarmed           ||    60
Throw: Large rock        ||     2
Evoke: Wand              ||     1
 Stab: Sleeping          ||     4
Armor: Robe              ||    17
Dodge: Dodged            ||    23
